 Dungeon Crawl Stone Soup version 0.17.1-3-g152610e (webtiles) character file.

60 Shotgun the Shield-Bearer (level 3, 0/31 HPs)
             Began as a Demigod Fighter on Apr 20, 2016.
             Slain by an adder (1 damage)
             ... on level 2 of the Dungeon.
             The game lasted 00:02:55 (1755 turns).

Shotgun the Shield-Bearer (Demigod Fighter)         Turns: 1755, Time: 00:02:55

Health: 0/31       AC:  6    Str: 21    XL:     3   Next: 55%
Magic:  5/5        EV:  7    Int: 12    God:
Gold:   82         SH:  9    Dex: 15    Spells: 0 memorised, 2 levels left

rFire  + . .     SeeInvis .     a - +0 long sword
rCold  . . .     Clarity  .     b - +0 scale mail
rNeg   . . .     SustAt   +     c - +0 shield
rPois  .         Gourm    .     (no helmet)
rElec  .         Spirit   .     (no cloak)
rCorr  .         Warding  .     (no gloves)
rMut   .         Stasis   .     (no boots)
MR     .....                    (no amulet)
Stlth  ..........               (no ring)
                                l - ring of protection from fire

@: lethally poisoned (0 -> -4), not resistant to hostile enchantments, extremely
unstealthy
A: high mp 1, sustain attributes
a: no special abilities


You were on level 2 of the Dungeon.
You were not hungry.

You visited 1 branch of the dungeon, and saw 2 of its levels.

You collected 82 gold pieces.

Inventory:

Hand Weapons
 a - a +0 long sword (weapon)
Armour
 b - a +0 scale mail (worn)
 c - a +0 shield (worn)
Jewellery
 l - a ring of protection from fire (left hand)
 s - an uncursed ring of protection from magic {unknown}
 t - an uncursed ring of wizardry {unknown}
Scrolls
 e - a scroll of magic mapping {unknown}
 f - 3 scrolls of amnesia {unknown}
 h - 4 scrolls of identify {unknown}
 i - a scroll of fear {unknown}
 m - a scroll of immolation {unknown}
 n - a scroll of noise {unknown}
 o - a scroll of teleportation {unknown}
 r - a scroll of random uselessness {unknown}
Potions
 d - a potion of might
 g - 2 potions of curing {unknown}
 k - a potion of beneficial mutation {unknown}
 q - a potion of cancellation {unknown}
Comestibles
 j - a beef jerky
 p - 2 meat rations


   Skills:
 + Level 3.0 Fighting
 + Level 2.2 Long Blades
 + Level 3.0 Armour
 + Level 0.8 Dodging
 + Level 0.2 Stealth
 + Level 3.3 Shields


You had 2 spell levels left.
You didn't know any spells.

Dungeon Overview and Level Annotations

Branches:
Dungeon (2/15)


Innate Abilities, Weirdness & Mutations

You have an increased reservoir of magic (+10% MP).
Your attributes are resistant to harm.


Message History

The adder is heavily wounded.
The adder bites you.
* * * LOW HITPOINT WARNING * * *
The adder bites you but does no damage.
You closely miss the adder.
The adder is heavily wounded.
* * * LOW HITPOINT WARNING * * *
You feel sick. You block the adder's attack. You block the adder's attack.
You closely miss the adder.
The adder is heavily wounded.
* * * LOW HITPOINT WARNING * * *
You feel sick. You block the adder's attack. You block the adder's attack.
You miss the adder.
The adder is moderately wounded.
You block the adder's attack.
You miss the adder.
The adder is moderately wounded.
* * * LOW HITPOINT WARNING * * *
You feel sick. The adder bites you.
You die...

.##.# #.##.# #...........#
.##.#####.##.# #..#####..#.#
..........##.###..# #..#.#
###..#####........# #..#.#
#.##.. ###.####.# #.##.####
###♣.<.♣##.# #.# #.......###
......#.# #.# #.##.##....
♣...'.####.# #. #.##..8.
.....[#..JS@[# #.##.......
###♣.<.♣######### #.........#
#.##.! #......############....
#..### #######......## #..8.
#..#.###.............######....
#...#.##.##########...........#
#..###.#># ##.#######...
#.#.#.##.# #.........8.
#........# ########.[..


You could see an ooze and an adder.

Vanquished Creatures
  An adder (D:2)
  4 oozes
  A worm (D:2)
  2 giant cockroaches (D:1)
  4 hobgoblins
  4 bats
  4 giant newts
  3 goblins
  8 kobolds
  2 rats (D:2)
33 creatures vanquished.

Notes
Turn   | Place    | Note
--------------------------------------------------------------
     0 | D:1      | Shotgun the Demigod Fighter began the quest for the Orb.
     0 | D:1      | Reached XP level 1. HP: 18/18 MP: 3/3
   358 | D:1      | Reached XP level 2. HP: 22/25 MP: 4/4
   389 | D:1      | Reached skill level 3 in Shields
  1083 | D:2      | Reached XP level 3. HP: 30/30 MP: 5/5
  1753 | D:2      | HP: 1/31 [poisoned by an adder]
  1755 | D:2      | Slain by an adder

Action                   || total
-------------------------++-------
Melee: Long sword        ||   135
  Eat: Bread ration      ||     1
